 Dungeon Crawl Stone Soup version 0.32-a0-711-g016ad743e0 (webtiles) character file.

Game seed: 10437954833774150442

7520 Fegelein the Fighter (level 10, -7/94 HPs)
             Began as a Minotaur Berserker on Mar 16, 2024.
             Was a High Priest of Trog.
             Mangled by an ogre
             ... wielding a +0 giant spiked club
              (23 damage)
             ... on level 2 of the Orcish Mines.
             The game lasted 00:59:33 (9087 turns).

Fegelein the Fighter (Minotaur Berserker)           Turns: 9087, Time: 00:59:34

Health: -7/94      AC: 20    Str: 27    XL:     10   Next: 95%
Magic:  9/9        EV:  8    Int:  8    God:    Trog [*****.]
Gold:   681        SH: 14    Dex:  9    Spells: 9/9 levels left

rFire   + + .        o - +2 broad axe (drain)
rCold   . . .        p - +2 tower shield
rNeg    . . .        v - +9 chain mail of Leob {rF+ Int+2}
rPois   .            y - +2 hat
rElec   .            q - scarf {rC+ rF+}
rCorr   +            (no gloves)
SInv    .            u - +0 pair of boots of Ekliavef {Rampage Int+2 Stlth+}
Will    +....        (no amulet) Stlth
                     d - ring of willpower
HPRegen 0.35/turn    r - ring of resist corrosion
MPRegen 0.11/turn

%: rampage
@: mighty, hasted, very quick
A: horns 2, retaliatory headbutt, deformed body, cold vulnerability 1
a: Renounce Religion, Berserk, Trog's Hand, Brothers in Arms


You were on level 2 of the Orcish Mines.
You worshipped Trog.
Trog was extremely pleased with you.
You visited 3 branches of the dungeon, and saw 13 of its levels.
You also visited: Ossuary.

You collected 1293 gold pieces.
You spent 612 gold pieces at shops.

Inventory:

Hand Weapons
 a - a +2 hand axe
 o - a +2 broad axe of draining (weapon)
 z - a +3 battleaxe
 A - a +2 antimagic battleaxe
Missiles
 i - 5 throwing nets (quivered)
 k - 7 poisoned darts
Armour
 b - a +0 animal skin
 c - a +0 ring mail
 n - a scarf of harm
 p - a +2 tower shield (worn)
 q - a scarf of resistance (worn)
 s - an orb of energy
 u - the +0 pair of boots of Ekliavef (worn) {Rampage Int+2 Stlth+}
   (You found it on level 6 of the Dungeon)

   Int+2:     It affects your intelligence (+2).
   Rampage:   It bestows one free step when moving towards enemies.
   Stlth+:    It makes you more stealthy.
 v - the +9 chain mail of Leob (worn) {rF+ Int+2}
   (You found it on level 6 of the Dungeon)

   Int+2:     It affects your intelligence (+2).
   rF+:       It protects you from fire.
 y - a +2 hat (worn)
Jewellery
 d - a ring of willpower (left hand)
 e - a ring of positive energy
 r - a ring of resist corrosion (right hand)
Talismans
 h - a beast talisman
 D - a dragon-blood talisman
Wands
 g - a wand of quicksilver (4)
 j - a wand of flame (2)
 E - a wand of mindburst (7)
Scrolls
 C - a scroll of fear
Potions
 m - a potion of brilliance
 t - a potion of magic
 x - 2 potions of curing
 B - a potion of attraction


   Skills:
 + Level 10.3 Fighting
 + Level 10.3 Axes
 + Level 9.9 Armour
 + Level 9.1 Dodging
 + Level 6.1 Shields


You had 9 spell levels left.
You didn't know any spells.
Your spell library contained the following spells:

 Spells                   Type           Power      Damage    Failure   Level
 Mercury Vapours          Alch/Air       0%         N/A       100%        2
 Mephitic Cloud           Conj/Alch/Air  0%         N/A       100%        3
 Freezing Cloud           Conj/Ice/Air   0%         6-21      100%        5


Dungeon Overview and Level Annotations

Branches:
Dungeon (11/15)            Temple (1/1) D:6             Orc (2/2) D:11
Ossuary (visited)
   Lair: D:8-11         Elf: Orc:2

Altars:
Ashenzari
Cheibriados
Dithmenos
Elyvilon
Hepliaklqana
Kikubaaqudgha
Makhleb
Nemelex Xobeh
Okawaru
Qazlal
Ru
Sif Muna
Trog
Uskayaw
Vehumet
Wu Jian
Xom
Yredelemnul
The Shining One

Shops:
D:4 (   D:7 [[


Innate Abilities, Weirdness & Mutations

You have a pair of horns on your head.
You reflexively headbutt those who attack you in melee.
Armour fits poorly on your strangely shaped body.
You are vulnerable to cold. (rC-)


Message History

You hit the orc warrior but do no damage.
The orc warrior is moderately wounded.
You closely miss the kobold blastminer. You hit the kobold blastminer.
You block the orc warrior's attack.
You block the kobold blastminer's attack.
The kobold blastminer blasts its cannon at you.
The iron shot hits you!!
* * * LOW HITPOINT WARNING * * *
The kobold blastminer is knocked back by the blast.
You feel yourself speed up. You block the orc warrior's attack.
The kobold blastminer closely misses you.
You furiously retaliate!
You headbutt the kobold blastminer!
The kobold blastminer wields a +0 arbalest.
The kobold blastminer shoots a bolt.
You block the bolt.
You feel better. The orc warrior barely misses you.
The kobold blastminer hits you but does no damage.
An ogre comes into view. It is wielding a +0 giant spiked club.
You feel better.
The kobold blastminer hits you but does no damage.
You block the orc warrior's attack.
You feel very mighty all of a sudden.
The orc warrior hits you but does no damage.
The kobold blastminer blasts its cannon at you.
The iron shot hits you!
* * * LOW HITPOINT WARNING * * *
The kobold blastminer is knocked back by the blast.
You barely miss the orc warrior. You headbutt the orc warrior.
The orc warrior is heavily wounded.
You hit the kobold blastminer.
The kobold blastminer unwields a +0 arbalest.
The kobold blastminer hits you but does no damage.
You slice the orc warrior!!
You kill the orc warrior!
Trog accepts your kill.
You hit the kobold blastminer. You barely miss the ogre.
You block the kobold blastminer's attack.
The kobold blastminer wields a +0 arbalest.
The kobold blastminer shoots a bolt.
The bolt closely misses you.
The ogre hits you with a +0 giant spiked club!!
You die...

..... .....#
......# ##
.......##.## #
...........##.#
..#....K.......
P.....).).....#
......O@.....#
.......)K...##
.....#..#..##
P... .######
... .. .. ... #
... #...


You could see 2 kobold blastminers and an ogre.

Vanquished Creatures
  Lodul (D:11)
  Maurice (D:11)
  A troll (D:6)
  Grinder (D:3)
  A hornet (D:8)
  Sigmund (D:4)
  4 yaks (D:9)
  An acid dragon (D:8)
  3 water moccasins (D:7)
  Duvessa (D:7)
  2 black bears
  An ice beast (D:7)
  6 orc warriors
  8 ogres
  2 centaurs
  2 phantoms
  A weeping skull (Ossuary)
  A gnoll sergeant (D:8)
  2 bullfrogs
  6 scorpions
  2 burial acolytes
  12 wights
  Dowan (D:7)
  5 howler monkeys
  2 centaur zombies (Ossuary)
  4 bombardier beetles
  A hound (D:5)
  A human zombie (Ossuary)
  A jelly (D:5)
  9 orc priests
  A gnoll bouda (D:7)
  3 sleepcaps (D:6)
  Natasha (twice) (D:3)
  6 iguanas
  7 orc wizards
  4 hound zombies
  2 mummies (Ossuary)
  Robin (D:3)
  16 gnolls
  8 adders
  4 shadow imps
  An adder zombie (D:8)
  4 dart slugs
  4 ribbon worms
  19 orcs
  2 bats
  An endoplasm (D:1)
  2 giant cockroaches (D:2)
  11 goblins
  9 hobgoblins
  10 jackals
  4 quokkas
  6 ball pythons
  4 gnoll zombies (D:8)
  7 kobolds
  4 rats
226 creatures vanquished.

Vanquished Creatures (collateral kills)
  An endoplasm (D:2)
1 creature vanquished.

Grand Total: 227 creatures vanquished

Notes
Turn   | Place    | Note
-------+----------+-------------------------------------------
     0 | D:1      | Fegelein the Minotaur Berserker began the quest for the
                  | Orb.
     0 | D:1      | Reached XP level 1. HP: 19/19 MP: 0/0
    78 | D:1      | Reached XP level 2. HP: 26/27 MP: 1/1
   126 | D:1      | Found a faded altar of an unknown god.
   492 | D:1      | Reached XP level 3. HP: 25/33 MP: 2/2
   576 | D:1      | Reached ** piety under Trog
  1131 | D:2      | Reached XP level 4. HP: 38/41 MP: 3/3
  1733 | D:3      | Noticed Natasha
  1742 | D:3      | Killed Natasha
  1806 | D:3      | Found a burning altar of Makhleb.
  1997 | D:3      | Noticed Natasha
  2009 | D:3      | HP: 2/41 [Natasha/puff of flame (11)]
  2012 | D:3      | Killed Natasha
  2285 | D:3      | Noticed Grinder
  2294 | D:3      | Killed Grinder
  2295 | D:3      | Reached skill level 5 in Fighting
  2295 | D:3      | Reached skill level 5 in Axes
  2295 | D:3      | Reached XP level 5. HP: 39/48 MP: 4/4
  2295 | D:3      | Reached XP level 6. HP: 46/56 MP: 5/5
  2671 | D:3      | Noticed Robin
  2688 | D:3      | Killed Robin
  2700 | D:3      | Gained mutation: Your magical capacity is low. (-10% MP)
                  | [potion of mutation]
  2938 | D:4      | Found a sand-covered staircase.
  2943 | Ossuary  | Entered an ossuary
  2943 | Ossuary  | Found a huge runed translucent gate.
  2943 | Ossuary  | Found a huge runed translucent gate.
  2943 | Ossuary  | Found a huge runed translucent gate.
  2943 | Ossuary  | Found a huge runed translucent gate.
  2943 | Ossuary  | Found a huge runed translucent gate.
  2943 | Ossuary  | Found a huge runed translucent gate.
  2943 | Ossuary  | Found a huge runed translucent gate.
  2943 | Ossuary  | Found a huge runed translucent gate.
  2948 | Ossuary  | Found a huge runed translucent gate.
  2948 | Ossuary  | Found a huge runed translucent gate.
  2949 | Ossuary  | Found a huge runed translucent gate.
  2950 | Ossuary  | Found a huge runed translucent gate.
  2950 | Ossuary  | Found a huge runed translucent gate.
  2952 | Ossuary  | Found a huge runed translucent gate.
  2952 | Ossuary  | Found a huge runed translucent gate.
  2968 | Ossuary  | Found a huge runed translucent gate.
  2968 | Ossuary  | Found a huge runed translucent gate.
  2968 | Ossuary  | Found a huge runed translucent gate.
  2968 | Ossuary  | Found a huge runed translucent gate.
  2968 | Ossuary  | Found a huge runed translucent gate.
  2969 | Ossuary  | Found a huge runed translucent gate.
  2969 | Ossuary  | Found a huge runed translucent gate.
  2971 | Ossuary  | Found a huge runed translucent gate.
  2971 | Ossuary  | Found a huge runed translucent gate.
  2972 | Ossuary  | Found a huge runed translucent gate.
  2972 | Ossuary  | Found a huge runed translucent gate.
  2973 | Ossuary  | Found a huge runed translucent gate.
  2973 | Ossuary  | Found a huge runed translucent gate.
  2979 | Ossuary  | Found a huge runed translucent gate.
  2979 | Ossuary  | Found a huge runed translucent gate.
  3007 | Ossuary  | Reached XP level 7. HP: 31/62 MP: 5/5
  3008 | Ossuary  | Reached *** piety under Trog
  3009 | Ossuary  | Reached skill level 5 in Armour
  3117 | Ossuary  | Found a huge runed translucent gate.
  3117 | Ossuary  | Found a huge runed translucent gate.
  3117 | Ossuary  | Found a huge runed translucent gate.
  3117 | Ossuary  | Found a huge runed translucent gate.
  3117 | Ossuary  | Found a huge runed translucent gate.
  3287 | D:4      | Noticed Sigmund
  3299 | D:4      | Killed Sigmund
  3300 | D:4      | Reached skill level 5 in Dodging
  3758 | D:4      | Found a white marble altar of Elyvilon.
  3869 | D:4      | Found Tuitydas's Antique Weapon Shoppe.
  3891 | D:4      | Bought a runed broad axe for 175 gold pieces
  3965 | D:4      | Reached XP level 8. HP: 44/71 MP: 6/6
  4244 | D:5      | Entered Level 5 of the Dungeon
  4817 | D:5      | Reached **** piety under Trog
  5146 | D:5      | Found a stormy altar of Qazlal.
  5390 | D:6      | Identified the +0 pair of boots of Ekliavef {Rampage Int+2
                  | Stlth+}
  5458 | D:6      | Identified the +9 chain mail of Leob {rF+ Int+2}
  5485 | D:6      | Noticed a troll
  5492 | D:6      | Killed a troll
  5522 | D:6      | Reached XP level 9. HP: 21/81 MP: 7/7
  5918 | D:6      | Found an iron altar of Okawaru.
  5918 | D:6      | Found a basalt altar of Yredelemnul.
  6211 | D:6      | Found a staircase to the Ecumenical Temple.
  6226 | Temple   | Entered the Ecumenical Temple
  6440 | D:7      | Found Tynoenta's Armour Shoppe.
  6445 | D:7      | Bought a +2 tower shield for 181 gold pieces
  6502 | D:7      | Noticed Duvessa
  6506 | D:7      | Killed Duvessa
  6506 | D:7      | Noticed Dowan
  6508 | D:7      | Killed Dowan
  6509 | D:7      | Reached skill level 1 in Shields
  6651 | D:7      | Reached ***** piety under Trog
  6876 | D:7      | Found Ycriceoj's Armour Shoppe.
  6886 | D:7      | Bought a +2 hat for 256 gold pieces
  7503 | D:8      | Reached XP level 10. HP: 82/91 MP: 8/8
  7564 | D:8      | Lost mutation: Your magical capacity is low. (-10% MP)
                  | [potion of mutation]
  7564 | D:8      | Gained mutation: Armour fits poorly on your strangely
                  | shaped body. [potion of mutation]
  7564 | D:8      | Gained mutation: You are vulnerable to cold. (rC-) [potion
                  | of mutation]
  7853 | D:8      | Found an ancient bone altar of Kikubaaqudgha.
  8179 | D:9      | Received a gift from Trog
  8221 | D:9      | Reached skill level 5 in Shields
  8561 | D:9      | You fall into a shaft and drop 2 floors!
  8615 | D:11     | Noticed Maurice
  8628 | D:11     | Killed Maurice
  8687 | D:11     | Noticed Lodul
  8696 | D:11     | Killed Lodul
  8697 | D:11     | Reached skill level 10 in Fighting
  8697 | D:11     | Reached skill level 10 in Axes
  9033 | D:11     | Found a staircase to the Orcish Mines.
  9070 | Orc:1    | Entered Level 1 of the Orcish Mines
  9070 | Orc:1    | Noticed a kobold blastminer
  9070 | Orc:1    | Noticed a kobold blastminer
  9076 | Orc:2    | Entered Level 2 of the Orcish Mines
  9087 | Orc:2    | Mangled by an ogre

Illustrated notes

Levels and vault maps discovered:
D:1:      minmay_arrival_shoal_huts, layout_basic,
          shapermc_ecumenical_altar_flowoftime
D:2:      layout_loops_cross
D:3:      layout_loops_corners, lemuel_doored_altar,
          nicolae_figureground_sparkle, uniq_robin, uniq_grinder, uniq_natasha
D:4:      layout_loops_ring, amcnicky_altar_gilded, serial_shops,
          nicolae_shop_temple_entry_statues_fountains, enter_ossuary_2,
          fountainhead, uniq_sigmund
D:5:      layout_basic, marbit_many_paths, dreamdust_princess_bridge
D:6:      layout_loops_ring, jmf_multi_god_temple2,
          minmay_temple_entry_nine_rooms
D:7:      layout_loops_cross, serial_shops, nicolae_stop_n_shop_2,
          minmay_shop_grid_forest, hangedman_abyss_or_decor_lesser_grid,
          uniq_duvessa
D:8:      layout_loops_ring, regret_index_kikubaaqudgha_part_by_part,
          minmay_misc_feat_more_columns
D:9:      okawaru_arena_lexackson, layout_long_grid, minivault_16
D:11:     layout_roguey, hellmonk_lair_entry_icy, david_orc_3,
          nicolae_danse_macabre, uniq_snorg, uniq_maurice, uniq_lodul
Temple:   oiseaux_autumnal_temple
Orc:1:    layout_caves, basic_altar, serial_shops, nicolae_shop_statue_plus
Orc:2:    grunt_orc_gardens, layout_caves, grunt_orc_garden, grunt_orc_garden,
          grunt_orc_garden, grunt_orc_garden, nicolae_orc_found_a_spring

Skill      XL: |  1  2  3  4  5  6  7  8  9 10 |
---------------+-------------------------------+-----
Fighting       | 4 5 6 8 9 10 | 10.3
Axes           | 4 5 6 7 9 10 | 10.3
Armour         | 3 4 5 7 8 9 |  9.9
Dodging        | 3 4 5 6 8 9 |  9.1
Shields        | 3 6 |  6.1

Action                     |  1- 3 |  4- 6 |  7- 9 | 10-12 || total
---------------------------+-------+-------+-------+-------++-------
  Melee: Hand axe          |   121 |    97 |    59 |       ||   277
         Headbutt          |    23 |    20 |    37 |    26 ||   106
         Broad axe         |       |       |   171 |   125 ||   296
    Use: Scroll            |     3 |     4 |    10 |     5 ||    22
         Potion            |     5 |     3 |     7 |     7 ||    22
   Stab: Invisible         |       |       |     3 |       ||     3
 Armour: Ring mail         |    38 |    92 |    92 |       ||   222
         Chain mail        |       |       |   154 |    75 ||   229
  Dodge: Dodged            |    43 |    58 |   164 |    41 ||   306
  Block: Tower shield      |       |       |    84 |   103 ||   187
         Form:             |       |     1 |       |     1 ||     2
         Beast             |       |     1 |       |       ||     1
         Dragon            |       |       |       |     1 ||     1

Table legend: (Time is in decaauts)
 A = Elapsed time spent in this place.
 B = Non-inter-level travel time spent in this place.
 C = Inter-level travel time spent in this place.
 D = Time resting spent in this place.
 E = Time spent auto-exploring this place.
 F = Levels seen in this place.
 G = Mean time per level.
                   A        B        C        D        E       F      G
               +--------+--------+--------+--------+--------+-----+--------+
         Total |   9339 |   9339 |      0 |   1542 |   2159 |  14 |  667.1 |
       Dungeon |   8949 |   8949 |      0 |   1442 |   2159 |  10 |  894.9 |
        Temple |     99 |     99 |      0 |      0 |      0 |   1 |   99.0 |
  Orcish Mines |     17 |     17 |      0 |      0 |      0 |   2 |    8.5 |
       Ossuary |    273 |    273 |      0 |    100 |      0 |   1 |  273.0 |
               +--------+--------+--------+--------+--------+-----+--------+

Top non-repeatable levels by time:
     D:3: 1216 daAuts
     D:6: 1165 daAuts
     D:4: 1072 daAuts
     D:5: 1009 daAuts
     D:7: 953 daAuts
     D:1: 928 daAuts
     D:8: 865 daAuts
     D:2: 799 daAuts
    D:11: 521 daAuts
     D:9: 417 daAuts
 Ossuary: 273 daAuts
  Temple: 99 daAuts
   Orc:2: 11 daAuts
   Orc:1: 6 daAuts
